 Dungeon Crawl Stone Soup version 0.23.1-37-gaa34b87b72 (webtiles) character file.

Game seed: 11318779729857052145

177 Peloso the Shield-Bearer (level 5, -4/47 HPs)
             Began as a Minotaur Fighter on Mar 28, 2019.
             Slain by an orc warrior
             ... wielding a +0 halberd
              (9 damage)
             ... on level 3 of the Dungeon.
             The game lasted 00:02:31 (1820 turns).

Peloso the Shield-Bearer (Minotaur Fighter)         Turns: 1820, Time: 00:02:31

Health: -4/47      AC:  7    Str: 21    XL:     5   Next: 30%
Magic:  4/4        EV:  8    Int:  5    God:
Gold:   112        SH:  9    Dex: 10    Spells: 4/4 levels left

rFire    . . .     SeeInvis .   a - +0 long sword
rCold    . . .     Gourm    .   c - +0 shield
rNeg     . . .     Faith    .   b - +0 scale mail
rPois    .         Spirit   .   (helmet restricted)
rElec    .         Reflect  .   (no cloak)
rCorr    .         Harm     .   (no gloves)
MR       .....                  (no boots)
Stlth    ..........             (no amulet)
HPRegen  0.15/turn              (no ring)
MPRegen  0.09/turn              (no ring)

@: no status effects
A: retaliatory headbutt, horns 2
a: no special abilities


You were on level 3 of the Dungeon.
You were not hungry.

You visited 1 branch of the dungeon, and saw 3 of its levels.

You collected 112 gold pieces.

Inventory:

Hand Weapons
 a - a +0 long sword (weapon)
Armour
 b - a +0 scale mail (worn)
 c - a +0 shield (worn)
Jewellery
 m - an uncursed ring of resist corrosion {unknown}
Scrolls
 e - a scroll of blinking {unknown}
 g - a scroll of magic mapping {unknown}
 h - 2 scrolls of immolation {unknown}
 i - 3 scrolls of identify {unknown}
 n - a scroll of teleportation {unknown}
 p - a scroll of remove curse {unknown}
 q - 2 scrolls of fog {unknown}
Potions
 d - a potion of might
 j - 2 potions of degeneration {unknown}
 k - a potion of heal wounds {unknown}
 l - a potion of agility {unknown}
 o - 2 potions of mutation {unknown}
 r - 2 potions of curing {unknown}
Comestibles
 f - 6 rations


   Skills:
 + Level 4.4 Fighting
 + Level 4.1 Long Blades
 + Level 4.7 Armour
 + Level 0.9 Dodging
 + Level 0.2 Stealth
 + Level 4.8 Shields


You had 4 spell levels left.
You didn't know any spells.
Your spell library was empty.

Dungeon Overview and Level Annotations

Branches:
Dungeon (3/15)

Altars:


Innate Abilities, Weirdness & Mutations

You reflexively headbutt those who attack you in melee.
You have a pair of horns on your head.


Message History

The orc warrior hits you with a +0 halberd!
You hit the orc warrior.
You headbutt the orc warrior, but do no damage.
The orc warrior is lightly wounded.
The orc warrior closely misses you.
You hit the orc warrior. You headbutt the orc warrior!
The orc warrior is heavily wounded.
The orc warrior hits you with a +0 halberd!
* * * LOW HITPOINT WARNING * * *
The orc warrior barely misses you.
The orc priest calls upon Beogh to heal the orc warrior.
The orc warrior is healed somewhat.
The orc priest calls upon Beogh to heal the orc warrior.
The orc warrior's wounds heal themselves!
The orc priest calls down the wrath of Beogh upon you.
Beogh smites you!
* * * LOW HITPOINT WARNING * * *
There is a stone staircase leading up here.
The orc warrior hits you from afar with a +0 halberd!
You die...

#.......# #........# #
#.......###...........
#.
.#........)............
#.
.#.......###............
#.###.#.......#
#.......#####
.....#.......# #.......#
.o. ######### ##>######
#o# #########.# #.#
###..o.@....# #.#
#.....#######
#.####.....#
#o..o.o....#
######.....# #.....#
#######


You could see an orc warrior and an orc priest.

Vanquished Creatures
  An ogre (D:2)
  3 adders
  A gnoll (D:1)
  A worm (D:2)
  A leopard gecko (D:1)
  4 giant cockroaches
  5 goblins
  3 hobgoblins
  4 jackals
  6 kobolds
  A ball python (D:2)
  7 bats
  5 frilled lizards (D:2)
  8 rats
50 creatures vanquished.

Notes
Turn   | Place    | Note
-------+----------+-------------------------------------------
     0 | D:1      | Peloso the Minotaur Fighter began the quest for the Orb.
     0 | D:1      | Reached XP level 1. HP: 19/19 MP: 0/0
   151 | D:1      | Reached XP level 2. HP: 19/27 MP: 1/1
   633 | D:1      | Reached XP level 3. HP: 33/33 MP: 2/2
   840 | D:2      | Noticed an ogre
   848 | D:2      | Killed an ogre
   848 | D:2      | Reached XP level 4. HP: 11/41 MP: 3/3
   954 | D:2      | Reached XP level 5. HP: 22/47 MP: 4/4
  1802 | D:3      | Noticed an orc warrior
  1820 | D:3      | Slain by an orc warrior

Skill      XL: |  1  2  3 |
---------------+----------+-----
Shields        | 4 |  4.8
Fighting       | 4 |  4.4
Armour         | 4 |  4.7
Long Blades    | 4 |  4.1
Dodging        | |  0.9
Stealth        | |  0.2

Action                   |  1- 3 |  4- 6 || total
-------------------------+-------+-------++-------
Melee: Long sword        |    49 |    57 ||   106
       Headbutt          |     8 |    12 ||    20
  Eat: Chunk             |       |     3 ||     3
Armor: Scale mail        |    30 |    14 ||    44
Dodge: Dodged            |    18 |    22 ||    40
Block: Shield            |    35 |    26 ||    61
       Rpst.: Long sword |     6 |     5 ||    11
